 Dungeon Crawl Stone Soup version 0.19-a0-1831-gd4c818f (webtiles) character file.

4919 Flanowski the Cleaver (level 10, -8/96 HPs)
             Began as a Deep Dwarf Fighter on Oct 8, 2016.
             Was a Follower of Makhleb.
             Mangled by an eight-headed hydra (10 damage)
             ... on level 9 of the Dungeon.
             The game lasted 00:14:24 (6560 turns).

Flanowski the Cleaver (Deep Dwarf Fighter)          Turns: 6560, Time: 00:14:25

Health: -8/96      AC:  8    Str: 21    XL:     10   Next: 27%
Magic:  10/10      EV:  8    Int: 10    God:    Makhleb [*.....]
Gold:   548        SH:  9    Dex: 13    Spells: 0 memorised, 9 levels left

rFire  + . .     SeeInvis .     a - +3 war axe
rCold  . . .     Gourm    .     b - +0 scale mail
rNeg   . . .     Faith    .     c - +0 shield
rPois  .         Spirit   .     (no helmet)
rElec  .         Dismiss  .     m - +0 cloak
rCorr  .         Reflect  .     (no gloves)
MR     +....     Harm     .     (no boots)
Stlth  ..........               K - amulet of magic regeneration (curse)
                                (no ring)
                                h - ring of protection from fire

@: about to teleport, non-regenerating
A: damage resistance, recharge devices, sense surroundings 2, slow regeneration
3
a: Device Recharging, Renounce Religion


You were on level 9 of the Dungeon.
You worshipped Makhleb.
Makhleb was aware of your devotion.
You were not hungry.

You visited 2 branches of the dungeon, and saw 10 of its levels.
You also visited: Ossuary.

You collected 548 gold pieces.

Inventory:

Hand Weapons
 a - a +3 war axe (weapon)
Armour
 b - a +0 scale mail (worn)
 c - a +0 shield (worn)
 m - a +0 cloak (worn)
 L - a +0 cloak
Jewellery
 h - a ring of protection from fire (left hand)
 K - a cursed amulet of magic regeneration (around neck)
Wands
 e - a wand of heal wounds (1/9)
 x - a wand of lightning (2/15)
 I - a wand of polymorph (19/24)
Scrolls
 i - 4 scrolls of remove curse
 k - 3 scrolls of teleportation
 o - a scroll of recharging
 p - 2 scrolls of immolation
 u - 5 scrolls of identify
 y - 3 scrolls of magic mapping
 B - 4 scrolls of fear
 E - a scroll of fog
 F - a scroll of enchant weapon
 H - 2 scrolls of amnesia
 J - a scroll of enchant armour {unknown}
Potions
 d - 3 potions of might
 g - a potion of berserk rage {unknown}
 j - a potion of resistance {unknown}
 q - a potion of mutation {unknown}
 r - 2 potions of ambrosia {unknown}
 s - a potion of degeneration {unknown}
 v - 3 potions of heal wounds {unknown}
 z - a potion of lignification {unknown}
 A - 5 potions of haste {unknown}
 G - 2 potions of flight {unknown}
Books
 D - a book of the Sky

   Spells                             Type                      Level
   a - Summon Lightning Spire         Summoning/Air                4
   b - Airstrike                      Air                          4
   c - Silence                        Hexes/Air                    5
   d - Deflect Missiles               Charms/Air                   6
   e - Conjure Ball Lightning         Conjuration/Air              6
   f - Tornado                        Air                          9
Comestibles
 f - 7 bread rations
 l - 4 chunks of flesh
 n - 5 beef jerkies
 t - 5 meat rations
 w - 10 fruits
 C - 2 slices of pizza


   Skills:
 * Level 7.9 Fighting
 + Level 13.5 Axes
 + Level 3.7 Armour
 + Level 1.0 Dodging
 - Level 3.2 Shields


You had 9 spell levels left.
You didn't know any spells.

Dungeon Overview and Level Annotations

Branches:
Dungeon (9/15)             Temple (1/1) D:4            Lair (0/6) D:9
    Orc (0/2) D:9

Altars:
Ashenzari
Cheibriados
Dithmenos
Elyvilon
Fedhas
Gozag
Hepliaklqana
Makhleb
Okawaru
Qazlal
Sif Muna
Trog
Uskayaw
Vehumet
Yredelemnul
Zin

Shops:
D:5 *   D:8 *

Annotations:
D:9 Erolcha


Innate Abilities, Weirdness & Mutations

You are resistant to damage.
You can recharge devices by infusing magical energy.
You passively map the area around you.
You do not regenerate.


Message History

The bolt of lightning misses Erolcha.
This wand has 2 charges left.
The eight-headed hydra barely misses you.
The eight-headed hydra bites you. The eight-headed hydra bites you!
* * * LOW HITPOINT WARNING * * *
The eight-headed hydra bites you but does no damage. x2
You block the eight-headed hydra's attack. x2
The eight-headed hydra bites you but does no damage.
A death knight comes into view. It is wielding an enchanted battleaxe.
As you read the scroll of teleportation, it crumbles to dust.
You feel strangely unstable.
The eight-headed hydra closely misses you.
You block the eight-headed hydra's attack.
The eight-headed hydra bites you!
* * * LOW HITPOINT WARNING * * *
You block the eight-headed hydra's attack. x2
The eight-headed hydra bites you!
* * * LOW HITPOINT WARNING * * *
The eight-headed hydra barely misses you.
The eight-headed hydra bites you!
You die...

* * ### **** , , ,,
##.., ,,, , #..### ### ,
, #### #####....###..##,
, #..# #.........#....##
,,, #..#
#..###....#.....# , *
#..# #..##....@DO.#, ,,
#..# #..##.....#y.#, , ,
, ##..####..##.....#..#*
, ,
.....>..........##.y.# *
..............###....p(%
* , ....####......#
....##$#.., ....#
#......#...### .#*, ,
....# #......#... , .
.>..####......##.. # ,


You could see a death knight, an eight-headed hydra, Erolcha and a hornet.

Vanquished Creatures
  Pikel (D:7)
  Joseph (D:8)
  The ghost of Tekks the Bolt Thrower, an amateur KoHu (D:4)
  Sigmund (D:3)
  Eustachio (D:5)
  4 yaks (D:9)
  A hungry ghost (D:7)
  A water moccasin (D:6)
  2 orc warriors
  An ice beast (D:7)
  4 ogres
  A phantom (D:7)
  A necrophage (D:9)
  2 centaurs (D:6)
  2 elf zombies (Ossuary)
  3 bullfrogs
  A wyvern skeleton (D:7)
  5 wights (D:7)
  2 howler monkeys
  4 crimson imps
  A centaur zombie (D:6)
  A bullfrog zombie (D:5)
  A centaur skeleton (D:8)
  3 hounds
  3 jellies
  2 orc priests (D:8)
  4 orc wizards
  An iron imp (D:9)
  2 iguanas (D:5)
  Natasha (twice) (D:3)
  6 worker ants
  4 mummies (Ossuary)
  A howler monkey zombie (D:8)
  3 gnolls (D:5)
  13 adders
  2 shadow imps
  3 oozes
  An adder skeleton (D:5)
  2 adder zombies (Ossuary)
  3 worms
  A dart slug (D:1)
  2 leopard geckos
  35 orcs
  6 giant cockroaches
  A gnoll zombie (Ossuary)
  18 hobgoblins
  12 kobolds
  5 quokkas
  A ball python (D:3)
  6 bats
  4 frilled lizards
  16 goblins
  A hobgoblin zombie (Ossuary)
  A jackal zombie (Ossuary)
  3 kobold zombies (Ossuary)
  2 leopard gecko skeletons
  An orc zombie (Ossuary)
  A quokka zombie (D:5)
  7 rats
  A rat zombie (Ossuary)
221 creatures vanquished.

Vanquished Creatures (others)
  A slave (D:9)
  2 shadow imps
3 creatures vanquished.

Grand Total: 224 creatures vanquished

Notes
Turn   | Place    | Note
-------+----------+-------------------------------------------
     0 | D:1      | Flanowski the Deep Dwarf Fighter began the quest for the Orb.
     0 | D:1      | Reached XP level 1. HP: 20/20 MP: 1/1
   144 | D:1      | Reached XP level 2. HP: 28/28 MP: 2/2
   393 | D:1      | Reached XP level 3. HP: 31/34 MP: 3/3
   428 | D:1      | Reached skill level 3 in Axes
   607 | D:2      | Found a shattered altar of Ashenzari.
   702 | D:2      | Found a faded altar of an unknown god.
   724 | D:2      | Found a shadowy altar of Dithmenos.
   907 | D:2      | Reached XP level 4. HP: 29/44 MP: 4/4
  1024 | D:3      | Reached skill level 4 in Axes
  1078 | D:3      | Noticed Sigmund
  1138 | D:3      | Killed Sigmund
  1138 | D:3      | Reached skill level 5 in Axes
  1138 | D:3      | Reached XP level 5. HP: 39/50 MP: 5/5
  1243 | D:3      | Noticed Natasha
  1251 | D:3      | Killed Natasha
  1251 | D:3      | Reached XP level 6. HP: 33/57 MP: 6/6
  1441 | D:3      | Found a blossoming altar of Fedhas.
  1453 | D:3      | Found a deep blue altar of Sif Muna.
  1492 | D:3      | Reached skill level 6 in Axes
  1778 | D:3      | Noticed Natasha
  1783 | D:3      | Killed Natasha
  1902 | D:4      | Found a staircase to the Ecumenical Temple.
  1962 | D:4      | Found a hide-covered altar of Uskayaw.
  2304 | D:4      | Noticed Tekks's ghost (amateur KoHu)
  2339 | D:4      | Killed Tekks's ghost
  2339 | D:4      | Reached skill level 7 in Axes
  2339 | D:4      | Reached XP level 7. HP: 37/66 MP: 7/7
  2573 | D:5      | Entered Level 5 of the Dungeon
  2578 | D:5      | Noticed Eustachio
  2604 | D:5      | Killed Eustachio
  2604 | D:5      | Reached skill level 8 in Axes
  2633 | D:5      | Found a sand-covered staircase.
  2693 | D:5      | Found Fiogg's General Store.
  2720 | Ossuary  | Entered an ossuary
  2740 | Ossuary  | Reached skill level 5 in Fighting
  2965 | D:5      | Reached XP level 8. HP: 55/74 MP: 8/8
  3094 | D:5      | Reached skill level 9 in Axes
  3148 | D:5      | Found an iron altar of Okawaru.
  3652 | Temple   | Entered the Ecumenical Temple
  3759 | Temple   | Became a worshipper of Makhleb the Destroyer
  4038 | D:6      | Reached skill level 10 in Axes
  4239 | D:6      | Reached * piety under Makhleb
  4261 | D:6      | Reached skill level 11 in Axes
  4269 | D:6      | Gained mutation: You passively map the area around you. [Deep Dwarf growth]
  4269 | D:6      | Reached XP level 9. HP: 46/82 MP: 9/9
  4689 | D:7      | Noticed Pikel
  4708 | D:7      | Killed Pikel
  4708 | D:7      | Reached skill level 12 in Axes
  4714 | D:7      | Found an opulent altar of Gozag.
  5044 | D:7      | Found a basalt altar of Yredelemnul.
  5853 | D:8      | Noticed Joseph
  5870 | D:8      | Killed Joseph
  5870 | D:8      | Reached skill level 13 in Axes
  5877 | D:8      | Found Eroemehu's General Store.
  6033 | D:8      | Reached XP level 10. HP: 50/94 MP: 10/10
  6392 | D:9      | Found a staircase to the Orcish Mines.
  6442 | D:9      | Found a staircase to the Lair.
  6478 | D:9      | Found a snail-covered altar of Cheibriados.
  6483 | D:9      | Reached skill level 1 in Dodging
  6549 | D:9      | Noticed Erolcha
  6551 | D:9      | Noticed an eight-headed hydra
  6560 | D:9      | Noticed a death knight
  6560 | D:9      | HP: 2/96 [eight-headed hydra (10)]
  6560 | D:9      | Mangled by an eight-headed hydra

Vault maps used:
D:1:      roderic_dead_forest
D:2:      nicolae_dithmenos_shadow_blocks, overflow_temple_1_default,
          ecumenical_altar_2, kennysheep_generic_room_14
D:3:      amethyst_overflow_temple_binary, uniq_natasha, uniq_sigmund
D:4:      eat_drink_and_be_merry_uskayaw, kennysheep_nondescript
D:5:      corexii_shantytown, okawaru_ov_weapons_minmay, first_bread,
          nicolae_ossuary_entry_ruins, serial_shops, nicolae_shop_statue_plus,
          minmay_misc_feat_rugged, serial_bayou_lagoon_b, uniq_eustachio
D:6:      minmay_misc_feat_chi
D:7:      nicolae_gozag_cash_rules_everything_around_me,
          lemuel_coloured_pillars_altar, uniq_pikel
D:8:      cheibrodos_iron_armory, serial_shops, nicolae_shop_behind_doors,
          uniq_joseph
D:9:      minmay_curly_fans, hangedman_ru_absence, slow_altar_2, lair_0_dummy,
          orc_0_dummy, serial_shops, shop, the_bakery, uniq_psyche, uniq_erolcha
Temple:   minmay_temple_curvy_loop
Ossuary:  ossuary_minmay_tomb_2a

Skill      XL: |  1  2  3  4  5  6  7  8  9 10 |
---------------+-------------------------------+-----
Fighting       | 3 4 5 6 7 |  7.9
Axes           | 3 5 7 8 11 13 | 13.5
Dodging        | 1 |  1.0
Armour         | |  3.7
Shields        | |  3.2

Action                   |  1- 3 |  4- 6 |  7- 9 | 10-12 || total
-------------------------+-------+-------+-------+-------++-------
Melee: War axe           |   108 |   174 |   405 |    63 ||   750
Evoke: Wand              |       |     5 |    14 |     5 ||    24
  Use: Scroll            |       |     1 |    18 |     1 ||    20
  Eat: Chunk             |       |     5 |    16 |     2 ||    23
Armor: Scale mail        |    68 |    63 |   116 |    13 ||   260
Dodge: Dodged            |    35 |    36 |    90 |    18 ||   179
Block: Shield            |    69 |    85 |   169 |    33 ||   356
